AoeStats
← SneakyStab

Nomad

508775434Analyzed
2v2 RM · 9d ago on Sep 24, 2026· 35m 1s· 4 players
Game mode
Random Map
Map size
176×176
Population
200
Speed
Normal
Resources
Standard
Victory
Conquest
Starting age
Dark Age
Ending age
Imperial Age
RankedLock teamsTeams togetherTeam positionsShared explorationLock speedFull tech treeHidden civsTurbo modeCheats
Victory
Defeat
🇨🇱 Chinese · Chile
1784
+4
🇺🇸 Wu · United States
1639
+9
🇨🇦 Mapuche · Canada
1486
-7
🇨🇦 Armenians · Canada
1439
-6
Mandrek
5:25 Loom
12:13 Feudal Age
13:12 Double-Bit Axe
17:06 Castle Age
15:11 Gold Mining
15:14 Stone Mining
16:08 Gold Mining
18:13 Bow Saw
19:47 Gold Shaft Mining
19:04 Fletching
20:13 Bodkin Arrow
21:28 Padded Archer Armor
22:22 Ballistics
24:26 Leather Archer Armor
24:54 Wheelbarrow
25:57 Horse Collar
29:48 Hand Cart
33:39 Imperial Age
31:31 Scale Mail Armor
31:41 Forging
34:03 Heavy Plow
34:20 Chain Mail Armor
34:39 Bloodlines
35:34 Chemistry
34:56 Conscription
34:02 Heavy Hei Guang Cavalry
35:07 Town Watch
35:00 Elite Fire Archer
watoncito
3:04 Loom
11:10 Feudal Age
12:45 Double-Bit Axe
13:07 Fletching
19:43 Castle Age
20:38 Medium Warships
20:28 Bodkin Arrow
22:03 Bow Saw
23:55 Fishing Lines
25:00 Stone Mining
25:00 Gold Mining
26:59 Horse Collar
31:42 Imperial Age
29:53 Padded Archer Armor
30:34 Ballistics
31:33 Wheelbarrow
31:33 Leather Archer Armor
31:55 Gold Shaft Mining
31:42 Gillnets
32:35 Bracer
34:34 Hand Cart
Testicouille
13:44 Feudal Age
12:00 Loom
14:35 Double-Bit Axe
17:31 Castle Age
15:29 Town Watch
16:48 Horse Collar
18:49 Bow Saw
21:53 Medium Warships
23:49 Fletching
26:13 Ballistics
27:14 Bodkin Arrow
27:25 Fishing Lines
27:54 Elite Skirmisher
30:05 Wheelbarrow
29:19 Fishing Lines
31:26 Hand Cart
SneakyStab
5:04 Loom
9:43 Loom
13:10 Feudal Age
16:59 Castle Age
17:58 Medium Warships
18:27 Double-Bit Axe
19:10 Demolition Ship
20:41 Demolition Ship
22:15 Demolition Ship
22:35 Demolition Ship
23:31 Horse Collar
26:06 Town Watch
27:28 Heavy Plow
27:42 Bow Saw
28:26 Champi Runner
29:10 Scale Mail Armor
29:22 Forging
31:50 Chain Mail Armor
32:07 Champi Warrior
Connection lost

Rejoining the realm…

Still unreachable

The connection could not be restored.

Session expired

The server has moved on; the page needs a fresh start.